 Dungeon Crawl Stone Soup version 0.30-a0-55-g90e3122c3a (webtiles) character file.

Game seed: 17809887443462921630

25681 Newt the Fighter (level 12, -1/97 HPs)
             Began as a Demonspawn Gladiator on Sept 9, 2022.
             Was an Initiate of Gozag.
             Slain by Gastronok (34 damage)
             ... on level 3 of the Lair of Beasts.
             The game lasted 00:23:54 (20149 turns).

Newt the Fighter (Demonspawn Gladiator)            Turns: 20149, Time: 00:23:54

Health: -1/97      AC: 12    Str: 23      XL:     12   Next: 91%
Magic:  12/12      EV: 20    Int:  6 (7)  God:    Gozag
Gold:   2032       SH: 17    Dex: 24      Spells: 11/11 levels left

rFire   . . .      SeeInvis .    i - +4 long sword "Waujodufy" {vorpal, Str+3 Dex+3}
rCold   . . .      Faith    .    y - +2 buckler
rNeg    . . .      Spirit   .    U - +2 leather armour {Will+}
rPois   .          Reflect  .    (no helmet)
rElec   .          Harm     .    l - +0 cloak
rCorr   .          Rampage  .    B - +1 pair of gloves
Will    ++...                    V - +2 pair of boots {Fly}
Stlth   ++........               (no amulet)
HPRegen 0.26/turn                T - ring of willpower
MPRegen 0.13/turn                O - +6 ring of dexterity

@: flying
A: large bone plates 3, spiny 1, demonic magic 1, demonic touch 2, dopey 1
a: Renounce Religion, Potion Petition, Call Merchant, Bribe Branch


You were on level 3 of the Lair of Beasts.
You worshipped Gozag.
Gozag was most pleased with you.
You visited 2 branches of the dungeon, and saw 15 of its levels.

You collected 3514 gold pieces.
You spent 898 gold pieces at shops.
You paid 584 gold pieces to Gozag.

Inventory:

Hand Weapons
 a - a +1 rapier of protection
 i - the +4 long sword "Waujodufy" (weapon) {vorpal, Str+3 Dex+3}
   (You found it on level 2 of the Dungeon)

   It inflicts extra damage upon your enemies.
   Str:       It affects your strength (+3).
   Dex:       It affects your dexterity (+3).
 s - the +7 hand crossbow of Destruction {freeze, Will+}
   (You found it on level 2 of the Lair of Beasts)

   Any ammunition fired from it freezes those it strikes, dealing additional
   cold damage.
   It can also slow down cold-blooded creatures.
   Will:      It increases your willpower.
Missiles
 d - a throwing net (quivered)
 e - 15 javelins
 g - 35 poisoned darts
 k - 7 boomerangs
Armour
 c - a +1 helmet
 l - a +0 cloak (worn)
 y - a +2 buckler (worn)
 B - a +1 pair of gloves (worn)
 U - a +2 leather armour of willpower (worn)
 V - a +2 pair of boots of flying (worn)
Jewellery
 m - a ring of fire
 w - a ring of flight
 D - a ring of resist corrosion
 K - a ring of poison resistance
 L - a +6 ring of intelligence
 O - a +6 ring of dexterity (right hand)
 T - a ring of willpower (left hand)
 X - a ring of wizardry
 Z - a ring of protection from cold
Wands
 j - a wand of flame (4)
 v - a wand of charming (6)
 A - a wand of quicksilver (16)
 G - a wand of digging (5)
 H - a wand of mindburst (16)
 I - a wand of iceblast (5)
Scrolls
 o - a scroll of teleportation
 p - 3 scrolls of amnesia
 C - 4 scrolls of fear
 E - 2 scrolls of brand weapon
 F - 3 scrolls of magic mapping
 J - 3 scrolls of identify
 W - a scroll of enchant armour
Potions
 b - a potion of heal wounds
 f - 3 potions of haste
 h - 5 potions of curing
 n - 4 potions of flight
 q - 4 potions of degeneration
 r - 3 potions of invisibility
 t - 2 potions of brilliance
 x - 2 potions of magic
 z - 3 potions of berserk rage
 M - 2 potions of ambrosia
 Q - a potion of might
 R - 2 potions of attraction
Miscellaneous
 u - a condenser vane
 S - a tin of tremorstones (2/2)


   Skills:
 - Level 10.0 Fighting
 - Level 2.6(6.7) Short Blades
 - Level 9.8(10.0) Long Blades
 + Level 1.6 Ranged Weapons
 - Level 4.0 Throwing
 - Level 6.0 Armour
 - Level 10.0 Dodging
 - Level 2.0 Stealth
 - Level 6.1 Shields
 - Level 8.0 Evocations


You had 11 spell levels left.
You didn't know any spells.
Your spell library contained the following spells:

 Spells                   Type           Power      Damage    Failure   Level
 Beastly Appendage        Tmut           0%         N/A       58%         1
 Magic Dart               Conj           0%         1d3       58%         1
 Sandblast                Erth           0%         2d4       58%         1
 Call Imp                 Summ           0%         N/A       73%         2
 Passwall                 Tmut/Erth      0%         N/A       73%         2
 Scorch                   Fire           0%         2d5       73%         2
 Wereblood                Tmut           0%         N/A       73%         2
 Frozen Ramparts          Ice            0%         1d1       91%         3
 Mephitic Cloud           Conj/Pois/Air  0%         N/A       91%         3
 Spider Form              Tmut/Pois      0%         N/A       91%         3
 Stone Arrow              Conj/Erth      0%         3d7       91%         3
 Animate Armour           Summ/Erth      0%         N/A       100%        4
 Flame Wave               Conj/Fire      0%         2d4       100%        4
 Ice Form                 Ice/Tmut       0%         N/A       100%        4
 Summon Ice Beast         Ice/Summ       0%         N/A       100%        4
 Summon Lightning Spire   Summ/Air       0%         N/A       100%        4
 Blade Hands              Tmut           0%         N/A       100%        5
 Iron Shot                Conj/Erth      0%         9d1       100%        6
 Summon Cactus Giant      Summ           0%         N/A       100%        6
 Storm Form               Tmut/Air       0%         N/A       100%        7
 Maxwell's Capacitive Co  Air            0%         ∞         100%        8


Dungeon Overview and Level Annotations

Branches:
Dungeon (12/15)            Temple (0/1) D:6            Lair (3/5) D:10
  Swamp (0/4) Lair:3        Snake (0/4) Lair:2          Orc (0/2) D:12

Altars:
Ashenzari
Dithmenos
Gozag
Hepliaklqana
Nemelex Xobeh
Qazlal
Sif Muna
Uskayaw

Shops:
D:2 ?   D:8 *   D:9 (*   D:10 [:   D:12 *

Annotations:
Lair:3 Gastronok


Innate Abilities, Weirdness & Mutations

You are completely covered in large bone plates. (SH +8)
You are partially covered in sharp spines.
Spells you cast may paralyse adjacent enemies.
Your touch may inflict irresistible damage on your foes.
You are dopey. (Int -2)


Message History

Gastronok is lightly wounded.
You shoot a bolt. The bolt hits Gastronok!
The bolt freezes Gastronok.
Gastronok is lightly wounded.
You shoot a bolt. The bolt hits Gastronok!
The bolt freezes Gastronok.
Gastronok is lightly wounded.
You shoot a bolt. The bolt hits Gastronok!
The bolt freezes Gastronok.
Gastronok is moderately wounded.
The +7 hand crossbow of Destruction {freeze, Will+} stops glowing.
Your +1 rapier of protection hums with potential!
a - a +1 rapier of protection (weapon)
Your +1 rapier of protection goes still.
You feel stronger.
You feel agile.
i - the +4 long sword "Waujodufy" (weapon)
{vorpal, Str+3 Dex+3} Unknown command.
You slash Gastronok!
Gastronok is moderately wounded.
Gastronok waves his eye-stalks in wide circles.
The air twists around and strikes you!
You slash Gastronok!
Gastronok is heavily wounded.
You hit Gastronok.
Gastronok is heavily wounded.
Gastronok is struck by your spines. Gastronok bites you but does no damage.
You slice Gastronok!!
Gastronok is severely wounded.
You hit Gastronok but do no damage.
Gastronok is severely wounded.
Gastronok is struck by your spines. Gastronok bites you!
You slash Gastronok!
Gastronok is severely wounded.
You hit Gastronok but do no damage.
Gastronok is severely wounded.
Gastronok is struck by your spines. Gastronok bites you!!
You slash Gastronok!
Gastronok is almost dead.
You hit Gastronok.
Gastronok is almost dead.
Gastronok is struck by your spines. Gastronok bites you!!
You die...
Your body crumbles into a pile of gold.

......#######
#.P..~.~≈~~~......# ....###
#P#..............## ...## #
####..(..#P#....## .### #P
#....#####....# ..# ... ##....#
#...## ..# .... #...#.# #....#
.## .....#####...## #...## .#
........#......## ♣♣♣♣♣ .#
####.......w@#......#♣♣§§~♣♣
.####.8..#>..P.##.#....#.♣§§§§§♣
..##.....#...# ##......#♣~§§§§♣
.###8.<.8#.. #.#...P##♣~§~~§♣
.###.....# ##....## ♣♣§~≈♣♣
...##....# ##....## ♣♣.♣♣
....##..## ##....#.# ♣...#
.###...^.#### ##.......# #...#
##..........###.....#### ##...#


You could see Gastronok.

Vanquished Creatures
  Josephine (D:11)
  4 two-headed ogres
  2 centaur warriors
  A death knight (D:8)
  A hydra (Lair:3)
  Lodul (D:10)
  An orange crystal statue (Lair:2)
  Pikel (D:7)
  An orc knight (D:10)
  3 cyclopes
  Maurice (D:9)
  A gargoyle (D:8)
  Maggie (D:7)
  A komodo dragon (Lair:1)
  A cane toad (Lair:1)
  2 rime drakes (Lair:2)
  Psyche (D:10)
  A tengu conjurer (D:8)
  5 trolls
  4 slime creatures
  Sigmund (D:4)
  3 wraiths (D:11)
  2 wyverns (D:8)
  3 shadows (D:12)
  30 yaks
  A basilisk (Lair:1)
  3 steam dragons
  4 nagas (Lair:2)
  A swamp worm (Lair:3)
  A water moccasin (Lair:2)
  4 orc warriors
  2 sky beasts (D:7)
  4 black bears
  9 ogres
  2 lemures (D:7)
  4 wolves (Lair:1)
  3 centaurs
  3 phantoms
  2 kobold brigands
  12 bullfrogs
  3 necrophages
  4 scorpions
  2 gnoll sergeants (D:8)
  A wight (D:8)
  A troll zombie (D:12)
  3 killer bees (D:10)
  2 electric eels (Lair:2)
  11 howler monkeys
  5 hounds
  3 jellies
  An orc priest (D:11)
  A gnoll bouda (D:8)
  8 orc wizards
  7 iguanas
  4 hell rats (Lair:3)
  7 ogre zombies (D:12)
  7 adders
  8 gnolls
  2 shadow imps
  2 white imps
  An ufetubus (D:4)
  4 worms
  5 dart slugs
  17 orcs
  9 endoplasms
  4 giant cockroaches
  6 goblins
  9 hobgoblins
  3 jackals (D:1)
  6 quokkas
  7 ball pythons
  7 bats
  3 frilled lizards
  A goblin skeleton (D:12)
  A goblin zombie (D:12)
  2 hobgoblin skeletons (D:12)
  4 hobgoblin zombies (D:12)
  16 kobolds
  3 orc skeletons (D:12)
  13 orc zombies (D:12)
  7 rats
338 creatures vanquished.

Vanquished Creatures (collateral kills)
  2 slime creatures (D:11)
2 creatures vanquished.

Vanquished Creatures (others)
  11 fungi
11 creatures vanquished.

Grand Total: 351 creatures vanquished

Notes
Turn   | Place    | Note
-------+----------+-------------------------------------------
     0 | D:1      | Newt the Demonspawn Gladiator began the quest for the Orb.
     0 | D:1      | Reached XP level 1. HP: 16/16 MP: 1/1
   259 | D:1      | Reached skill level 1 in Stealth
   569 | D:1      | Gained mutation: Spells you cast may paralyse adjacent
                  | enemies. [demonic ancestry]
   569 | D:1      | Reached XP level 2. HP: 22/22 MP: 2/2
  1540 | D:1      | Reached XP level 3. HP: 28/28 MP: 3/3
  1916 | D:2      | Identified the +4 long sword "Waujodufy" {vorpal, Str+3
                  | Dex+3}
  2288 | D:2      | Found Bumou's Magic Scroll Emporium.
  2301 | D:2      | Bought a scroll of identify for 20 gold pieces
  2301 | D:2      | Bought a scroll of identify for 20 gold pieces
  2301 | D:2      | Bought a scroll of identify for 20 gold pieces
  2686 | D:2      | Gained mutation: You are partially covered in sharp spines.
                  | [demonic ancestry]
  2686 | D:2      | Reached XP level 4. HP: 37/37 MP: 4/4
  2931 | D:3      | Reached skill level 1 in Long Blades
  3197 | D:3      | Found a broken altar of Ashenzari.
  3198 | D:3      | Found a shadowy altar of Dithmenos.
  3199 | D:3      | Found an opulent altar of Gozag.
  3199 | D:3      | Found a hide-covered altar of Uskayaw.
  3201 | D:3      | Found a shimmering blue altar of Sif Muna.
  3240 | D:3      | Gained mutation: You are partially covered in large bone
                  | plates. (SH +4) [demonic ancestry]
  3240 | D:3      | Reached XP level 5. HP: 36/42 MP: 5/5
  3265 | D:3      | Became a worshipper of Gozag Ym Sagoz the Greedy
  3975 | D:3      | Found a faded altar of an unknown god.
  4150 | D:4      | Reached XP level 6. HP: 41/48 MP: 6/6
  4521 | D:4      | Noticed Sigmund
  4529 | D:4      | Killed Sigmund
  4635 | D:4      | Found a faded altar of an unknown god.
  4635 | D:4      | Found a hazy altar of Hepliaklqana.
  4674 | D:4      | You fall into a shaft and drop 1 floor!
  4674 | D:5      | Entered Level 5 of the Dungeon
  4764 | D:5      | Reached XP level 7. HP: 54/54 MP: 7/7
  5154 | D:5      | Reached skill level 5 in Shields
  5154 | D:5      | Reached skill level 1 in Armour
  5226 | D:5      | Reached XP level 8. HP: 60/60 MP: 8/8
  5375 | D:5      | Reached skill level 1 in Evocations
  5712 | D:6      | Found a staircase to the Ecumenical Temple.
  6515 | D:6      | Found a sparkling altar of Nemelex Xobeh.
  6767 | D:7      | Reached skill level 5 in Long Blades
  6770 | D:7      | Found a stormy altar of Qazlal.
  6927 | D:7      | Gained mutation: You are mostly covered in large bone
                  | plates. (SH +6) [demonic ancestry]
  6927 | D:7      | Reached XP level 9. HP: 51/65 MP: 9/9
  7065 | D:7      | Reached skill level 5 in Fighting
  7351 | D:7      | Noticed Maggie
  7366 | D:7      | Killed Maggie
  7860 | D:7      | Noticed Pikel
  7884 | D:7      | Killed Pikel
  8380 | D:7      | Noticed a two-headed ogre
  8391 | D:7      | Killed a two-headed ogre
  8392 | D:7      | Gained mutation: Your touch may inflict minor irresistible
                  | damage on your foes. [demonic ancestry]
  8392 | D:7      | Reached XP level 10. HP: 22/76 MP: 10/10
  9379 | D:8      | Noticed a two-headed ogre
  9379 | D:8      | Noticed a cyclops
  9389 | D:8      | Killed a cyclops
  9397 | D:8      | Killed a two-headed ogre
  9844 | D:8      | Noticed a gargoyle
 10533 | D:8      | Killed a gargoyle
 10746 | D:8      | Noticed a centaur warrior
 10754 | D:8      | Noticed a death knight
 10761 | D:8      | Killed a centaur warrior
 10762 | D:8      | Gained mutation: Your touch may inflict irresistible damage
                  | on your foes. [demonic ancestry]
 10762 | D:8      | Reached XP level 11. HP: 87/89 MP: 11/11
 10779 | D:8      | Killed a death knight
 10789 | D:8      | Reached skill level 10 in Fighting
 11295 | D:8      | Found Opey's Assorted Antiques.
 11302 | D:8      | Bought a scroll labelled IMPOKA NIOMN for 21 gold pieces
 11302 | D:8      | Bought a marble ring for 105 gold pieces
 11302 | D:8      | Bought an encrusted glass ring for 105 gold pieces
 11862 | D:9      | Noticed Maurice
 11882 | D:9      | Killed Maurice
 12078 | D:9      | Noticed a two-headed ogre
 12089 | D:9      | Killed a two-headed ogre
 12266 | D:9      | Found Lifrour's Antique Weapon Shop.
 12275 | D:9      | Found Wennutow's Mayhem Merchandise.
 12488 | D:9      | Reached skill level 5 in Armour
 12490 | D:9      | Reached skill level 5 in Dodging
 12627 | D:10     | Entered Level 10 of the Dungeon
 12851 | D:10     | Found Fetec's Book Emporium.
 12947 | D:10     | Found a staircase to the Lair.
 13119 | D:10     | Noticed Psyche
 13151 | D:10     | Killed Psyche
 13462 | D:10     | Noticed Lodul
 13482 | D:10     | Killed Lodul
 13483 | D:10     | Reached skill level 5 in Evocations
 13821 | D:10     | Bought a runed leather armour for 190 gold pieces
 13821 | D:10     | Bought a pair of glowing boots for 285 gold pieces
 14132 | D:11     | Identified the +0 plate armour "Muediyx" {+Blink}
 14159 | D:11     | Noticed an orc knight
 14197 | D:10     | Killed an orc knight
 14705 | D:11     | Noticed Josephine
 14714 | D:11     | Killed Josephine
 14726 | D:11     | Gained mutation: You are completely covered in large bone
                  | plates. (SH +8) [demonic ancestry]
 14726 | D:11     | Reached XP level 12. HP: 88/97 MP: 12/12
 15135 | D:11     | Gained mutation: You have a pair of small horns on your
                  | head. [potion of mutation]
 15135 | D:11     | Gained mutation: You are clumsy. (Dex -2) [potion of
                  | mutation]
 15135 | D:11     | Gained mutation: Your magical capacity is low. (-10% MP)
                  | [potion of mutation]
 15136 | D:11     | Lost mutation: You have a pair of small horns on your head.
                  | [potion of mutation]
 15136 | D:11     | Lost mutation: You are clumsy. (Dex -2) [potion of
                  | mutation]
 15136 | D:11     | Lost mutation: Your magical capacity is low. (-10% MP)
                  | [potion of mutation]
 15136 | D:11     | Gained mutation: You are dopey. (Int -2) [potion of
                  | mutation]
 15194 | D:12     | Noticed a two-headed ogre
 15202 | D:12     | Killed a two-headed ogre
 15432 | D:12     | Found a staircase to the Orcish Mines.
 15997 | D:12     | Found Logh's Assorted Antiques.
 16006 | D:12     | Bought a scroll labelled OTSYRE PUYCU for 22 gold pieces
 16006 | D:12     | Bought a potion of heal wounds for 110 gold pieces
 16254 | D:12     | Noticed a centaur warrior
 16288 | D:12     | Killed a centaur warrior
 16793 | Lair:1   | Entered Level 1 of the Lair of Beasts
 18497 | Lair:2   | Found a staircase to the Snake Pit.
 18506 | Lair:2   | Reached skill level 10 in Dodging
 18757 | Lair:2   | Identified the +7 hand crossbow of Destruction {freeze,
                  | Will+}
 19728 | Lair:3   | Noticed an eight-headed hydra
 19736 | Lair:3   | Killed an eight-headed hydra
 19737 | Lair:3   | Reached skill level 1 in Ranged Weapons
 19966 | Lair:3   | Found a staircase to the Swamp.
 20103 | Lair:3   | Identified the +2 scale mail "Peaq" {rF+ rCorr Str-3 Int+2}
 20134 | Lair:3   | Noticed Gastronok
 20149 | Lair:3   | Slain by Gastronok

Illustrated notes

Levels and vault maps discovered:
D:1:      noname_arrival_rooms_in_the_neighbourhood, layout_loops_cross
D:2:      layout_loops_ring, serial_shops, shop, patterned_corridor
D:3:      layout_basic, minitemple, shapermc_ecumenical_altar_notcrosses,
          minmay_misc_feat_hallway
D:4:      layout_loops_ring, beargit_hepliaklqana_dungeon_heroes,
          minmay_close_crescents
D:5:      minmay_evil_eye, layout_loops_ring, dreamdust_mushroom_princess
D:6:      layout_loops_ring, nicolae_overflow_hidden_temple,
          minmay_temple_entry_antechambers
D:7:      minmay_chambers_of_fours, layout_loops_cross, grunt_qazlal_sundering,
          uniq_maggie, uniq_pikel
D:8:      minmay_quarter_circles, layout_rooms, serial_shops,
          nicolae_shop_statue_plus, dreamdust_princess_corridor
D:9:      layout_irregular_city, serial_shops, nicolae_shop_waterfront,
          minmay_shop_mayhem, amcnicky_mini_rare_corridor_liquid, uniq_maurice
D:10:     layout_loops_ring, tso_altar, lair_entry_dummy, serial_shops,
          shop_fountains, uniq_psyche, uniq_lodul
D:11:     layout_loops_cross, uniq_josephine
D:12:     layout_loops_ring, zombieorc2_lemuel, serial_shops, shop
Lair:1:   layout_small_grid
Lair:2:   statuecave_lemuel, layout_chaotic_city,
          minmay_snake_entry_guardpost_small, infiniplex_staircase_pool
Lair:3:   layout_concentric_octagons, minmay_swamp_entry_worms,
          grunt_megastairs_2, serial_bayou_shore_b, infiniplex_staircase_pool_2,
          uniq_gastronok

Skill      XL: |  1  2  3  4  5  6  7  8  9 10 11 12 |
---------------+-------------------------------------+-----
Stealth        | 1 2 |  2.0
Fighting       | 3 4 6 9 10 | 10.0
Long Blades    | 2 3 5 7 9 |  9.8
Dodging        | 3 4 6 10 | 10.0
Shields        | 2 5 6 |  6.1
Armour         | 2 4 6 |  6.0
Evocations     | 4 7 8 |  8.0
Throwing       | 4 |  4.0
Ranged Weapons | 1 |  1.6
Short Blades   | |  2.6

Action                   |  1- 3 |  4- 6 |  7- 9 | 10-12 || total
-------------------------+-------+-------+-------+-------++-------
Melee: Rapier            |    96 |       |       |       ||    96
       Long sword        |    40 |    84 |   207 |   706 ||  1037
       Punch             |     2 |       |       |       ||     2
 Fire: Hand crossbow     |       |       |       |    13 ||    13
Throw: Throwing net      |       |       |     5 |     6 ||    11
       Dart              |       |       |     2 |    10 ||    12
Invok: Call Merchant     |       |       |       |     1 ||     1
Evoke: Wand              |       |       |       |     6 ||     6
  Use: Scroll            |     6 |     6 |       |    17 ||    29
       Potion            |     1 |     1 |     1 |     7 ||    10
 Stab: Sleeping          |    12 |     4 |       |     1 ||    17
       Distracted        |       |       |     1 |     8 ||     9
       Held in net/web   |       |       |     1 |     4 ||     5
Armor: Leather armour    |    33 |     9 |       |    36 ||    78
       Scale mail        |       |     9 |    61 |    72 ||   142
Dodge: Dodged            |    89 |    41 |    66 |   201 ||   397
Block: Other             |       |     9 |       |       ||     9
       Buckler           |       |     8 |   125 |   431 ||   564

Table legend: (Time is in decaauts)
 A = Elapsed time spent in this place.
 B = Non-inter-level travel time spent in this place.
 C = Inter-level travel time spent in this place.
 D = Time resting spent in this place.
 E = Time spent auto-exploring this place.
 F = Levels seen in this place.
 G = Mean time per level.
                   A        B        C        D        E       F      G
               +--------+--------+--------+--------+--------+-----+--------+
         Total |  20186 |  19692 |    494 |   5095 |  12088 |  15 | 1345.7 |
       Dungeon |  17213 |  16783 |    430 |   4877 |   9737 |  12 | 1434.4 |
          Lair |   2973 |   2909 |     64 |    218 |   2351 |   3 |  991.0 |
               +--------+--------+--------+--------+--------+-----+--------+

Top non-repeatable levels by time:
     D:7: 2781 daAuts
    D:10: 2184 daAuts
     D:8: 2091 daAuts
     D:1: 1867 daAuts
    D:12: 1322 daAuts
  Lair:1: 1259 daAuts
     D:6: 1206 daAuts
     D:3: 1143 daAuts
  Lair:2: 1140 daAuts
     D:2: 1030 daAuts
    D:11: 1012 daAuts
     D:9: 1000 daAuts
     D:5: 902 daAuts
     D:4: 670 daAuts
  Lair:3: 573 daAuts
